Map: Graystone Ravine

Players

Roma

  • Race: Protoss Protoss
  • Spawn Location: 3:00

Hindulaatti - Winner!

  • Race: Terran Terran
  • League: Platinum
  • Spawn Location: 11:00

VOD

Have the link to the VOD?

Description

Time

  • Played on: March 26, 2015, 1:40 p.m.
  • Length: 9:02
Show
View Real Time Build Order
Export as new Build Order

Roma Protoss 

Build Orders: Nexus First, Phoenix Opening, Zealot Archon, Carrier Rush 

Get SALT Encoding   

  12  0:00  Probe x6  
  12  0:01  Probe x2  
  20  0:15  Probe x5  
  20  0:16  Probe  
  20  0:17  Probe  
  20  0:18  Probe x2  
  20  0:20  Probe x2  
  20  0:25  Nexus  
  31  0:35  Probe  
  31  0:36  Pylon, Probe x6  
  31  0:37  Probe x2  
  31  0:38  Probe x2  
  31  0:39  Probe  
  31  0:40  Probe  
  31  0:41  Nexus  
  31  0:42  Probe  
  31  0:45  Probe x7  
  31  0:46  Probe x5  
  40  0:51  Nexus  
  40  0:55  Zealot  
  40  0:56  Zealot x16  
  40  0:57  Zealot x4  
  45  1:00  Probe x4  
  45  1:01  Probe x3  
  45  1:02  Probe x4  
  45  1:03  Probe  
  57  1:05  Assimilator  
  57  1:06  Carrier  
  57  1:07  Carrier x11  
  57  1:08  Assimilator x2  
  57  1:10  Assimilator  
  69  1:21  Assimilator, Gateway  
  69  1:23  Assimilator  
  69  1:24  Assimilator x2  
  111  1:32  Forge, Probe x2  
  107  1:33  Probe x3  
  107  1:34  Cybernetics Core, Probe  
  107  1:35  Probe x2  
  107  1:36  Probe x2  
  105  1:43  Stargate  
  115  2:06  Mothership Core  
  97  2:09  Probe x3  
  97  2:10  Probe x2  
  79  2:15  Nexus  
  79  2:16  Fleet Beacon  
  84  2:29  Probe x2  
  92  2:31  Nexus  
  92  2:32  Probe x4  
  92  2:33  Probe x4  
  92  2:34  Probe x2  
  164  2:37  Probe  
  164  2:42  Nexus  
  166  2:44  Assimilator x2  
  166  2:50  Probe  
  166  2:51  Probe x2  
  177  2:54  Probe  
  177  2:55  Probe x4  
  177  2:56  Probe x2  
  177  2:57  Probe  
  177  2:58  Probe x2  
  177  2:59  Probe  
  177  3:01  Phoenix  
  177  3:02  Phoenix x14  
  177  3:04  Phoenix  
  180  3:06  Assimilator, Probe x3  
  180  3:08  Assimilator  
  191  3:16  Assimilator  
  194  3:21  Observer, Assimilator  
  196  3:32  Carrier  
  196  3:33  Carrier x15  
  196  3:34  Carrier x10  
  223  3:36  Robotics Facility  
  214  4:09  Mothership Core  
  176  4:31  Probe x2  
  160  4:35  Probe  
  160  4:36  Probe x2  
  160  4:37  Probe x2  
  146  4:45  Phoenix  
  146  4:46  Assimilator, Phoenix x14  
  146  4:48  Assimilator  
  146  4:51  Observer  
  143  4:56  Phoenix x4  
  228  6:12  Carrier x8  
  228  6:13  Carrier x25  
  228  6:14  Carrier  
  228  6:15  High Templar  
  228  6:16  High Templar x18, Carrier  
  228  6:17  High Templar  
  143  6:40  Twilight Council  
  143  6:42  Dark Shrine  
  143  6:50  Templar Archives  
  113  7:32  Archon  
  113  7:33  Archon x2  
Show
View Real Time Build Order
Export as new Build Order

Hindulaatti Terran - Winner!

Build Orders:  

Get SALT Encoding   

  12  0:00  SCV x3  
  12  0:01  SCV x3  
  12  0:03  SCV  
  12  0:05  Orbital Command  
  14  0:08  SCV  
  14  0:09  SCV x3  
  14  0:12  Supply Depot  
  18  0:17  SCV  
  18  0:20  Marine  
  23  0:22  Marine x7  
  23  0:23  Marine  
  23  0:25  Barracks  
  23  0:31  Marine  
  23  0:32  Marine x2  
  23  0:33  Marine  
  23  0:34  Marine x7, SCV  
  23  0:35  Barracks  
  24  0:36  Barracks  
  33  0:42  Marine  
  33  0:43  Marine  
  33  0:46  Orbital Command  
  45  0:58  Marine  
  45  1:00  Command Center, SCV x5  
  45  1:01  SCV x3  
  47  1:12  SCV x2  
  47  1:13  SCV x11  
  69  1:29  Marine x4  
  59  1:33  Marine x4  
  59  1:34  Marauder x3, Marine x17  
  59  1:35  Marauder  
  59  1:36  Marauder  
  50  1:41  Refinery  
  50  1:42  Marauder, Refinery x2  
  50  1:43  Command Center, Refinery, Marauder x4  
  50  1:45  Marine  
  50  1:46  Marauder  
  47  1:47  SCV  
  47  1:48  Barracks  
  47  1:50  Barracks  
  47  1:51  Marauder, Barracks  
  47  1:52  Marauder x3  
  47  1:53  Orbital Command, Barracks Tech Lab  
  71  1:54  Barracks Tech Lab x2  
  71  2:01  Banshee x4  
  82  2:08  SCV x3  
  82  2:11  Marauder  
  82  2:12  Marauder x3  
  82  2:13  Marauder  
  82  2:14  Marine x2  
  84  2:24  Refinery  
  84  2:26  Refinery  
  84  2:35  SCV  
  84  2:36  SCV x7  
  96  2:38  Factory, Command Center  
  96  2:39  SCV  
  96  2:40  SCV x8  
  96  2:41  Starport, Factory Tech Lab  
  96  2:42  Starport Tech Lab  
  96  2:44  Marine x17  
  99  2:45  Marine x6  
  99  2:46  Marine x4  
  99  2:47  Command Center, Marine  
  99  2:48  Marine x3  
  99  2:49  Command Center  
  99  2:51  Command Center  
  101  2:52  Orbital Command, Marine  
  101  2:53  Marine x12  
  101  2:54  Marine x4  
  101  2:55  Marine  
  91  3:02  SCV x4  
  119  3:08  SCV  
  119  3:09  SCV x16  
  119  3:10  Marine x7  
  119  3:11  Marine x3  
  119  3:12  Marine x4  
  138  3:13  Marine x2  
  138  3:14  Marine x4, SCV  
  138  3:15  Marine x2, SCV x11  
  138  3:16  Marine x2  
  138  3:17  Marine x4  
  138  3:18  Marine x3  
  161  3:33  Marine  
  194  3:34  Banshee x5, Marine x13, SCV  
  194  3:35  Banshee x22, Marine x24, SCV x9  
  194  3:36  Marine x27  
  194  3:37  Marine x2  
  242  3:56  Marine x5  
  242  3:57  Marine x28  
  242  3:58  Marine x10  
  218  4:04  Marine x10  
  218  4:05  Marine x18  
  218  4:06  Marine x3  
  181  4:19  Marine  
  181  4:20  Marine x23  
  181  4:22  Marine x4  
  181  4:23  Medivac, Marine x23  
  267  4:24  Medivac x10  
  248  4:36  Engineering Bay  
  248  4:37  Armory  
  280  4:47  Terran Infantry Weapons Level 1  
  280  4:48  Terran Vehicle and Ship Weapons Level 1  
  280  4:51  SCV  
  300  5:00  Orbital Command  
  300  5:05  Orbital Command  
  300  5:06  Orbital Command  
  300  5:07  Viking  
  300  5:08  Viking x18  
  300  5:09  Viking x25  
  300  5:11  Viking  
  300  5:12  Engineering Bay  
  300  5:13  Armory  
  297  5:21  Refinery  
  270  5:22  Refinery  
  248  5:31  Marine  
  248  5:32  Marine x18  
  248  5:33  Marine x14  
  255  5:45  Marine  
  255  5:46  Marine x16  
  255  5:47  Marine x21  
  214  5:52  Marine  
  214  5:53  Marine x24  
  214  5:54  Marine x27  
  214  5:55  Marine x17  
  277  6:19  SCV  
  277  6:20  SCV x26  
  277  6:21  SCV x8  
  222  6:26  Widow Mine x9  
  231  6:38  Terran Infantry Armor Level 1, Marine  
  231  6:39  Marine x22  
  237  6:40  Marine x22  
  237  6:41  Terran Infantry Weapons Level 2, Marine, Terran Vehicle And Ship Armor Level 1  
  237  6:42  Terran Vehicle and Ship Weapons Level 2  
  300  7:04  Thor x8  
  300  7:05  Thor x3  
  300  7:06  Thor x3  
  300  7:07  Thor x2  
  300  7:08  Thor  
  291  7:09  Thor x2  
  291  7:10  Thor x3  
  291  7:12  Orbital Command  
  291  7:14  Thor x5  
  207  7:31  Thor  
  207  7:32  Thor x3  
  274  8:14  Marine  
  274  8:15  Marine x13  
  274  8:16  Marine x27  
  274  8:17  Refinery, Marine x21  
  274  8:18  Marine x19  
  274  8:19  Marine x19  
  298  8:20  Marine x3  
  298  8:21  Marine x14  
  298  8:22  Marine x9  
  298  8:24  Marine  
  256  8:30  Marine  
  256  8:31  Marine x15  
  256  8:32  Marine x27  
  256  8:33  Marine x16  
Tags
 
Add a new tag
Caveats
  • Supply blocks, unpowered buildings, or Contaminate may cause inaccurate times.
  • Supply counts are checked every 10 seconds.